 Dungeon Crawl Stone Soup version 0.24-a0-789-g35933f4 (webtiles) character file.

Game seed: 13254752324690721476, levelgen mode: deterministic

40 DrEnzyme the Skirmisher (level 3, 0/30 HPs)
             Began as a Formicid Wanderer on Oct 10, 2019.
             Slain by a gnoll
             ... wielding a +0 whip
              (6 damage)
             ... on level 2 of the Dungeon.
             The game lasted 00:05:32 (2151 turns).

DrEnzyme the Skirmisher (Formicid Wanderer)         Turns: 2151, Time: 00:05:33

Health: 0/30       AC:  2    Str: 18    XL:     3   Next: 72%
Magic:  8/8        EV: 11    Int: 13    God:
Gold:   48         SH:  0    Dex:  7    Spells: 8/9 levels left

rFire    . . .     SeeInvis +   a - +2 spear
rCold    . . .     Gourm    .   (no shield)
rNeg     . . .     Faith    .   c - +0 robe
rPois    .         Spirit   .   (helmet unavailable)
rElec    .         Reflect  .   (no cloak)
rCorr    .         Harm     .   (no gloves)
MR       .....                  (no boots)
Stlth    ++........             (no amulet)
HPRegen  0.10/turn              (no ring)
MPRegen  0.11/turn              (no ring)

@: no status effects
A: permanent stasis, dig shafts and tunnels, four strong arms, antennae 3
a: Dig, Shaft Self


You were on level 2 of the Dungeon.
You were not hungry.

You visited 1 branch of the dungeon, and saw 3 of its levels.

You collected 48 gold pieces.

Inventory:

Hand Weapons
 a - a +2 spear (weapon)
Armour
 c - a +0 robe (worn)
Scrolls
 b - 4 scrolls of teleportation {unknown}
 g - a scroll of random uselessness {unknown}
 j - a scroll of enchant armour {unknown}
 k - a scroll of remove curse
 m - a scroll of amnesia
Potions
 e - 5 potions of curing
 h - a potion of might
 l - a potion of haste
Comestibles
 f - 7 rations


   Skills:
 * Level 3.9 Fighting
 + Level 0.6 Polearms
 + Level 1.0 Throwing
 + Level 0.1 Dodging
 * Level 2.1 Stealth
 + Level 3.7 Spellcasting
   Level 1.0 Necromancy
   Level 1.0 Translocations


You had 8 spell levels left.
You knew the following spells:

 Your Spells              Type           Power        Failure   Level  Hunger
a - Confusing Touch       Hex            #.....       22%         1    #......

Your spell library contained the following spells:

 Spells                   Type           Power        Failure   Level  Hunger
 Confuse                  Hex            #.......     54%         3    ###....


Dungeon Overview and Level Annotations

Branches:
Dungeon (3/15)

Altars:
Gozag
Kikubaaqudgha
Nemelex Xobeh
Okawaru


Innate Abilities, Weirdness & Mutations

You cannot be hasted, slowed, berserked, paralysed or teleported.
You can dig through walls and to a lower floor.
Your four strong arms can wield two-handed weapons with a shield.
You have a pair of large antennae on your head. (SInv)


Message History

You closely miss the gnoll.
The gnoll is moderately wounded.
The gnoll completely misses you.
You hit the gnoll.
The gnoll is heavily wounded.
The gnoll hits you with a +0 whip.
You barely miss the gnoll.
The gnoll is heavily wounded.
The gnoll hits you with a +0 whip.
You hit the gnoll.
The gnoll is almost dead.
The gnoll hits you with a +0 whip.
You closely miss the gnoll.
The gnoll is almost dead.
The gnoll hits you with a +0 whip!
* * * LOW HITPOINT WARNING * * *
You hit the gnoll.
The gnoll is almost dead.
The gnoll hits you with a +0 whip.
You die...

.รท...#........#..########.#
.....#...........# #.#
.....#.........#.# #.#
#########....<.#.# #.# #
#........########.# #
####.................# #
#.......##....######## #
#.......###g#.#....# #
#.......#..@..#.##.# #
#....####.#........# #....#
#.#......#.# #....#
#.#.(<#..# # #....#
#.#.############## #....#
#.#..............# #....#
#.#..###########.# #....#
#.#............#.# #....#
#.##.#####.#...#.#


You could see a gnoll.

Vanquished Creatures
  2 leopard geckos (D:1)
  2 giant cockroaches (D:1)
  5 goblins
  8 hobgoblins
  3 jackals (D:1)
  A quokka (D:2)
  2 ball pythons (D:1)
  2 bats
  A frilled lizard (D:2)
  4 kobolds
  3 rats
33 creatures vanquished.

Notes
Turn   | Place    | Note
-------+----------+-------------------------------------------
     0 | D:1      | DrEnzyme the Formicid Wanderer began the quest for the Orb.
     0 | D:1      | DrEnzyme set off with the following items: a +2 spear, a +0
                  | robe, a ration; and the following spell memorised:
                  | Confusing Touch; and the following spells available to
                  | memorise: Confuse
     0 | D:1      | Reached XP level 1. HP: 18/18 MP: 4/4
   445 | D:1      | Reached XP level 2. HP: 17/24 MP: 6/6
   899 | D:1      | Reached XP level 3. HP: 22/30 MP: 8/8
  1587 | D:2      | Found an ancient bone altar of Kikubaaqudgha.
  1599 | D:2      | Found a sparkling altar of Nemelex Xobeh.
  1794 | D:2      | Found an opulent altar of Gozag.
  1901 | D:2      | Found an iron altar of Okawaru.
  2151 | D:2      | Slain by a gnoll

Levels and vault maps discovered:
D:1:      sevenhm_arrival_forest_fort_small_3, layout_loops_ring,
          kennysheep_minor_cross
D:2:      layout_basic, old_standard_altar, minitemple,
          overflow_temple_1_default, corexii_item_surrounded_by_moat
D:3:      layout_basic, st_stairs_4, uniq_natasha

Skill      XL: |  1  2 |
---------------+-------+-----
Stealth        | 2 |  2.1
Fighting       | |  3.9
Polearms       | |  0.6
Throwing       | |  1.0
Dodging        | |  0.1
Spellcasting   | |  3.7
Necromancy     | |  1.0
Translocations | |  1.0

Action                   || total
-------------------------++-------
Melee: Spear             ||   121
 Abil: Dig               ||     5
  Use: Scroll            ||     5
 Stab: Sleeping          ||     1
  Eat: Chunk             ||     4
Armor: Robe              ||    23
Dodge: Dodged            ||    73

Table legend:
 A = Non-vault XP
 B = Vault XP
 C = Vault XP percentage of total XP
 D = Non-vault monster count
 E = Vault monster count
 F = Vault count percentage of total count
                 A         B        C        D         E       F
            +---------+---------+-------+---------+---------+-------
      Total |      58 |       0 |   0.0 |      33 |       0 |   0.0
            +---------+---------+-------+---------+---------+-------
        D:1 |      41 |       0 |   0.0 |      22 |       0 |   0.0
        D:2 |      17 |       0 |   0.0 |      11 |       0 |   0.0
            +---------+---------+-------+---------+---------+-------
